 Dungeon Crawl Stone Soup version 0.21.0-3-g78d12a8 (webtiles) character file.

3102 Faca the Cleaver (level 9, -2/83 HPs)
             Began as a Minotaur Fighter on Jan 17, 2018.
             Was an Elder of Lugonu.
             Slain by a two-headed ogre
             ... wielding a +0 giant spiked club
              (19 damage)
             ... on level 8 of the Dungeon.
             The game lasted 00:12:20 (6442 turns).

Faca the Cleaver (Minotaur Fighter)                 Turns: 6442, Time: 00:12:20

Health: -2/83      AC: 15    Str: 22    XL:     9   Next: 59%
Magic:  12/12      EV:  5    Int:  5    God:    Lugonu [****..]
Gold:   317        SH: 11    Dex: 16    Spells: 8/8 levels left

rFire    . . .     SeeInvis .   a - +0 war axe
rCold    . . .     Gourm    .   c - +1 shield
rNeg     . . .     Faith    .   A - +0 chain mail
rPois    .         Spirit   .   (helmet restricted)
rElec    .         Reflect  .   (no cloak)
rCorr    .         Harm     .   i - +0 pair of gloves
MR       .....                  H - +4 pair of boots of Music {Stlth+}
Stlth    ..........             (no amulet)
HPRegen  0.23/turn              t - +4 ring of dexterity
MPRegen  0.13/turn              (no ring)

@: no status effects
A: retaliatory headbutt, horns 2
a: Depart the Abyss, Bend Space, Banish, Corrupt, Renounce Religion


You were on level 8 of the Dungeon.
You worshipped Lugonu.
Lugonu was greatly pleased with you.
You were not hungry.

You visited 2 branches of the dungeon, and saw 9 of its levels.

You collected 343 gold pieces.
You spent 26 gold pieces at shops.

Inventory:

Hand Weapons
 a - a +0 war axe (weapon)
Missiles
 q - 2 throwing nets (quivered)
Armour
 c - a +1 shield (worn)
 d - a +0 plate armour
 i - a +0 pair of gloves (worn)
 A - a +0 chain mail (worn)
 H - the +4 pair of boots of Music (worn) {Stlth+}
   (You found it on level 6 of the Dungeon)

   It makes you more stealthy.
Jewellery
 t - a +4 ring of dexterity (left hand)
Wands
 v - a wand of iceblast (10)
 z - a wand of disintegration (10)
Scrolls
 g - 2 scrolls of teleportation {unknown}
 m - a scroll of enchant weapon {unknown}
 n - 4 scrolls of remove curse
 o - a scroll of fog
 r - a scroll of random uselessness {unknown}
 w - 3 scrolls of enchant armour
 x - a scroll of noise {unknown}
 y - 2 scrolls of immolation {unknown}
 E - a scroll of amnesia {unknown}
 F - a scroll of vulnerability {unknown}
Potions
 e - 2 potions of resistance
 h - 3 potions of ambrosia {unknown}
 j - a potion of degeneration {unknown}
 k - 2 potions of brilliance {unknown}
 l - 2 potions of heal wounds
 p - 4 potions of curing
 s - 2 potions of invisibility {unknown}
 u - 2 potions of magic {unknown}
 B - a potion of mutation {unknown}
 D - 2 potions of cancellation {unknown}
 G - 2 potions of lignification
Comestibles
 f - 7 rations


   Skills:
 + Level 9.1 Fighting
 * Level 11.7 Axes
 - Level 3.6 Armour
 - Level 3.6 Shields
 + Level 5.9 Invocations


You had 8 spell levels left.
You didn't know any spells.

Dungeon Overview and Level Annotations

Branches:
Dungeon (8/15)             Temple (1/1) D:7
   Lair: D:8-11

Altars:
Ashenzari
Cheibriados
Dithmenos
Elyvilon
Fedhas
Gozag
Hepliaklqana
Kikubaaqudgha
Makhleb
Nemelex Xobeh
Okawaru
Qazlal
Ru
Sif Muna
Trog
Uskayaw
Vehumet
Wu Jian
Xom
Yredelemnul
Zin
The Shining One
Lugonu

Shops:
D:5 :   D:6 =

Annotations:
D:6 1 runed door


Innate Abilities, Weirdness & Mutations

You reflexively headbutt those who attack you in melee.
You have a pair of horns on your head.


Message History

You hit the two-headed ogre.
Your headbutt misses the two-headed ogre.
The two-headed ogre is moderately wounded.
The two-headed ogre hits you with a giant spiked club!!
You block the two-headed ogre's attack.
Your shield prevents you from hitting the two-headed ogre.
The two-headed ogre is moderately wounded.
Your chain mail prevents you from hitting the howler monkey skeleton.
The two-headed ogre barely misses you. You furiously retaliate!
You headbutt the two-headed ogre!
The two-headed ogre hits you with a giant club!
You block the howler monkey skeleton's attack.
You slash the two-headed ogre!
The two-headed ogre is heavily wounded.
You hit the howler monkey skeleton.
You block the howler monkey skeleton's attack.
The two-headed ogre hits you with a giant spiked club!
* * * LOW HITPOINT WARNING * * *
The two-headed ogre hits you with a giant club!!
You die...

.................
........................
...............)........
........................
.....>..................
........................
...................<....
........................
......Z@................
.......O..........((....
........................
................<..)....
...................(....
.........(.........[....
...................)รท...
........................
...................


You could see a two-headed ogre and a howler monkey skeleton.

Vanquished Creatures
  3 hippogriffs
  Sigmund (D:3)
  2 water moccasins (D:7)
  2 sky beasts
  An orc warrior (D:5)
  An ice beast (D:7)
  A black bear (D:7)
  An ogre (D:4)
  A phantom (D:6)
  A centaur (D:8)
  2 bullfrogs
  6 killer bees (D:7)
  A scorpion (D:6)
  3 crimson imps
  2 bullfrog zombies (D:7)
  A centaur zombie (D:8)
  5 orc wizards
  4 hounds
  7 jellies
  2 orc priests
  2 iguanas
  3 worker ants
  8 adders
  2 shadow imps
  3 oozes
  2 adder skeletons
  An adder zombie (D:7)
  2 worms (D:3)
  5 leopard geckos
  23 orcs
  3 ball pythons
  4 bats
  3 giant cockroaches
  5 goblins
  11 hobgoblins
  3 jackals (D:7)
  4 kobolds
  2 quokkas
  5 frilled lizards
  A giant cockroach zombie (D:5)
  A goblin skeleton (D:6)
  3 jackal skeletons (D:6)
  A leopard gecko skeleton (D:4)
  9 rats
  A butterfly (D:7)
154 creatures vanquished.

Notes
Turn   | Place    | Note
-------+----------+-------------------------------------------
     0 | D:1      | Faca the Minotaur Fighter began the quest for the Orb.
     0 | D:1      | Reached XP level 1. HP: 19/19 MP: 0/0
   143 | D:1      | Reached skill level 3 in Axes
   535 | D:2      | Reached XP level 2. HP: 27/27 MP: 1/1
   649 | D:2      | Reached XP level 3. HP: 33/33 MP: 2/2
   801 | D:2      | Reached skill level 4 in Axes
   990 | D:2      | Found a faded altar of an unknown god.
   993 | D:2      | Became a worshipper of Lugonu the Unformed
   993 | D:2      | Reached * piety under Lugonu
   993 | D:2      | Reached ** piety under Lugonu
  1208 | D:2      | Found a burning altar of Makhleb.
  1214 | D:2      | Reached XP level 4. HP: 40/41 MP: 3/3
  1318 | D:3      | Noticed a bullfrog
  1321 | D:3      | Killed a bullfrog
  1321 | D:3      | Reached skill level 5 in Fighting
  1321 | D:3      | Reached skill level 5 in Axes
  1321 | D:3      | Reached XP level 5. HP: 48/48 MP: 4/4
  1578 | D:3      | Found an opulent altar of Gozag.
  1592 | D:3      | Reached skill level 6 in Axes
  1605 | D:3      | Reached *** piety under Lugonu
  1726 | D:3      | Noticed Sigmund
  1738 | D:3      | Killed Sigmund
  1738 | D:3      | Reached skill level 1 in Invocations
  1738 | D:3      | Reached XP level 6. HP: 32/57 MP: 5/5
  2073 | D:4      | Reached skill level 7 in Axes
  2178 | D:4      | Reached XP level 7. HP: 48/63 MP: 7/7
  2617 | D:4      | Found a stormy altar of Qazlal.
  2643 | D:5      | Entered Level 5 of the Dungeon
  2752 | D:5      | Reached skill level 8 in Axes
  2849 | D:5      | Got a transparent ring mail
  2942 | D:5      | Identified the +3 ring mail "Eshoggaka" {rElec MR- Str+2 Dex+4} (You found it on level 5 of the Dungeon)
  2966 | D:5      | Reached **** piety under Lugonu
  3022 | D:5      | Found Oppue's Book Emporium.
  3628 | D:6      | Reached XP level 8. HP: 58/71 MP: 9/9
  4464 | D:5      | Reached skill level 9 in Axes
  4811 | D:6      | Found a runed door.
  4812 | D:6      | Found a basalt altar of Yredelemnul.
  4931 | D:6      | Got a pair of encrusted boots
  4942 | D:6      | Identified the +4 pair of boots of Music {Stlth+} (You found it on level 6 of the Dungeon)
  4994 | D:6      | Found Heumumas's Jewellery Shop.
  5001 | D:6      | Bought a cursed amulet of inaccuracy for 26 gold pieces
  5111 | D:7      | Found a blossoming altar of Fedhas.
  5153 | D:7      | Reached skill level 10 in Axes
  5264 | D:7      | Found a staircase to the Ecumenical Temple.
  5302 | Temple   | Entered the Ecumenical Temple
  5555 | D:7      | Reached XP level 9. HP: 78/81 MP: 11/11
  5581 | D:7      | Reached skill level 5 in Invocations
  5588 | D:7      | Reached skill level 11 in Axes
  6432 | D:8      | Noticed a two-headed ogre
  6442 | D:8      | Slain by a two-headed ogre

Skill      XL: |  1  2  3  4  5  6  7  8  9 |
---------------+----------------------------+-----
Axes           | 3 4 5 6 7 8 10 11 | 11.7
Fighting       | 4 5 6 8 9 |  9.1
Invocations    | 1 3 4 5 |  5.9
Armour         | |  3.6
Shields        | |  3.6

Action                   |  1- 3 |  4- 6 |  7- 9 || total
-------------------------+-------+-------+-------++-------
Melee: War axe           |    57 |    93 |   303 ||   453
       Headbutt          |     8 |    25 |    69 ||   102
  Use: Scroll            |       |       |     8 ||     8
       Potion            |       |       |     1 ||     1
  Eat: Chunk             |     1 |       |     1 ||     2
       Ration            |       |     1 |     4 ||     5
Armor: Scale mail        |    34 |    22 |   156 ||   212
Dodge: Dodged            |    16 |    18 |    87 ||   121
Block: Shield            |    25 |    45 |   180 ||   250
